 Dungeon Crawl Stone Soup version 0.25-a0-294-gea9b1ad378 (webtiles) character file.

Game seed: 9865329124811544717, levelgen mode: classic

868 Borgoz the Covered (level 8, 0/69 HPs)
             Began as a Gargoyle Berserker on Dec 19, 2019.
             Was a Priest of Trog.
             Slain by Duvessa
             ... wielding a +1 short sword of freezing
              (2 damage)
             ... on level 5 of the Dungeon.
             The game lasted 00:05:42 (5546 turns).

Borgoz the Covered (Gargoyle Berserker)             Turns: 5546, Time: 00:05:42

Health: 0/69       AC: 11    Str: 26    XL:     8   Next: 3%
Magic:  8/8        EV: 13    Int:  8    God:    Trog [***...]
Gold:   287        SH:  0    Dex: 11    Spells: 7/7 levels left

rFire    . . .     SeeInvis .   a - +0 falchion
rCold    . . .     Gourm    .   (no shield)
rNeg     + . .     Faith    .   o - +0 ring mail
rPois    ∞         Spirit   .   (no helmet)
rElec    +         Reflect  .   (no cloak)
rCorr    .         Harm     .   (no gloves)
MR       .....                  (no boots)
Stlth    ..........             (no amulet)
HPRegen  0.21/turn              (no ring)
MPRegen  0.11/turn              (no ring)

@: berserking, very quick
A: negative energy resistance 1, electricity resistance, unbreathing,
petrification resistance, rot immunity, AC +5
a: Berserk, Trog's Hand, Renounce Religion


You were on level 5 of the Dungeon.
You worshipped Trog.
Trog was most pleased with you.
You were not hungry.

You visited 1 branch of the dungeon, and saw 5 of its levels.
You also visited: Sewer.

You collected 287 gold pieces.

Inventory:

Hand Weapons
 a - a +0 falchion (weapon)
Armour
 o - a +0 ring mail (worn)
Wands
 u - a wand of iceblast (9)
Scrolls
 b - a scroll of enchant weapon {unknown}
 g - 5 scrolls of remove curse {unknown}
 h - 5 scrolls of identify {unknown}
 k - a scroll of fog {unknown}
 m - 3 scrolls of magic mapping {unknown}
 n - a scroll of blinking {unknown}
 p - a scroll of immolation {unknown}
 r - 5 scrolls of teleportation {unknown}
 v - a scroll of vulnerability {unknown}
 x - a scroll of enchant armour {unknown}
Potions
 d - 3 potions of curing {unknown}
 e - 3 potions of flight
 f - a potion of heal wounds {unknown}
 i - 4 potions of brilliance {unknown}
 j - a potion of mutation {unknown}
 l - a potion of berserk rage {unknown}
 q - a potion of haste {unknown}
 s - a potion of invisibility {unknown}
 t - a potion of agility {unknown}
Comestibles
 c - 8 rations


   Skills:
 - Level 3.2 Fighting
 + Level 5.3 Long Blades
 + Level 5.9 Armour
 + Level 4.4 Dodging


You had 7 spell levels left.
You didn't know any spells.
Your spell library was empty.

Dungeon Overview and Level Annotations

Branches:
Dungeon (5/15)             Temple (0/1) D:4           Sewer (visited)

Altars:
Gozag
Kikubaaqudgha
Okawaru
Qazlal
Trog
Yredelemnul
The Shining One

Annotations:
D:5 Dowan, Duvessa


Innate Abilities, Weirdness & Mutations

You are resistant to torment.
Your stone body is resilient. (AC +5)
You are immune to poison.
You resist negative energy. (rN+)
You are resistant to electric shocks. (rElec)
You can survive without breathing.
You are immune to petrification.
You are immune to rotting.


Message History

Duvessa is lightly wounded.
The centaur hits you but does no damage.
Duvessa hits you but does no damage.
You closely miss Duvessa.
Duvessa is lightly wounded.
The centaur hits you but does no damage.
Duvessa says, "My weaknesses are his strengths!"
Duvessa hits you but does no damage.
Dowan points at you and mumbles some strange words.
The puff of flame hits you.
* * * LOW HITPOINT WARNING * * *
Unknown command.
Unknown command.
Unknown command.
You are too berserk!
You slash Duvessa!
Duvessa is heavily wounded.
The centaur barely misses you.
Duvessa hits you with a +1 short sword of freezing.
You die...

##.##
##########...##
#.......#..#..##
##.........###..##
#..........####..##
#...........#
##..##
#...........#
###.##
#...........#
##.###
#......@(e..#
##..##
#(....ce....# ##..#
##..........# ##..
#..........# ##.
#.........## ##
##........# #
##.......#
#......##


You could see Duvessa, Dowan and a centaur.

Vanquished Creatures
  Sigmund (D:4)
  An ice beast (D:5)
  An ogre (D:5)
  A bullfrog zombie (D:5)
  2 jellies (D:5)
  A bullfrog skeleton (D:5)
  Terence (D:2)
  A centaur skeleton (D:5)
  3 worker ants
  A worker ant zombie (D:5)
  7 adders
  3 gnolls (D:2)
  2 shadow imps (D:5)
  5 oozes
  An adder zombie (D:4)
  9 worms
  3 dart slugs
  6 leopard geckos
  5 orcs (D:5)
  4 ball pythons
  13 bats
  13 giant cockroaches
  7 goblins
  7 hobgoblins
  8 jackals
  7 kobolds
  3 quokkas
  A frilled lizard (Sewer)
  A jackal zombie (D:5)
  A quokka skeleton (D:5)
  7 rats
126 creatures vanquished.

Notes
Turn   | Place    | Note
-------+----------+-------------------------------------------
     0 | D:1      | Borgoz the Gargoyle Berserker began the quest for the Orb.
     0 | D:1      | Reached XP level 1. HP: 14/14 MP: 1/1
   285 | D:1      | Reached XP level 2. HP: 18/19 MP: 2/2
   802 | D:1      | Reached XP level 3. HP: 23/23 MP: 3/3
  1125 | D:2      | Reached XP level 4. HP: 18/28 MP: 4/4
  1135 | D:2      | HP: 2/42 [gnoll/+0 whip (7)]
  1815 | D:2      | Reached ** piety under Trog
  2216 | D:2      | Noticed Terence
  2229 | D:2      | Killed Terence
  2229 | D:2      | Reached XP level 5. HP: 32/32 MP: 5/5
  2863 | D:3      | Found a basalt altar of Yredelemnul.
  3150 | D:4      | Noticed Sigmund
  3162 | D:4      | Killed Sigmund
  3162 | D:4      | Reached XP level 6. HP: 37/37 MP: 6/6
  3321 | D:4      | Found a staircase to the Ecumenical Temple.
  3330 | D:4      | Found an iron altar of Okawaru.
  3475 | D:4      | Found a bloodstained altar of Trog.
  3475 | D:4      | Found an ancient bone altar of Kikubaaqudgha.
  3476 | D:4      | Found a glowing golden altar of the Shining One.
  3568 | D:4      | Found a glowing drain.
  3594 | Sewer    | Entered a sewer
  3664 | Sewer    | Reached *** piety under Trog
  3968 | Sewer    | Reached XP level 7. HP: 38/41 MP: 7/7
  4022 | Sewer    | Reached skill level 5 in Armour
  4417 | D:4      | Found an opulent altar of Gozag.
  4505 | D:3      | Found a stormy altar of Qazlal.
  4541 | D:5      | Entered Level 5 of the Dungeon
  4937 | D:5      | Reached skill level 5 in Long Blades
  5343 | D:5      | Reached XP level 8. HP: 24/46 MP: 8/8
  5531 | D:5      | Noticed Duvessa
  5533 | D:5      | Noticed Dowan
  5545 | D:5      | HP: 1/69 [Dowan/puff of flame (4)]
  5546 | D:5      | Slain by Duvessa

Levels and vault maps discovered:
D:1:      dpeg_arrival_arbitrary_b, layout_loops_ring
D:2:      minmay_door_path, layout_basic, uniq_terence
D:3:      lemuel_upstairs_altar, layout_loops_cross, first_ration,
          yredelemnul_altar_generic
D:4:      layout_gridville, nicolae_overflow_quartered_altars, temple_green,
          gup_sewer_entry_pipe, hangedman_abyss_or_decor_slice, okawaru_trees_1,
          uniq_sigmund
D:5:      layout_cave_pods, uniq_pikel, uniq_duvessa

Skill      XL: |  1  2  3  4  5  6  7 |
---------------+----------------------+-----
Long Blades    | 3 4 5 |  5.3
Dodging        | 2 3 4 |  4.4
Armour         | 3 4 5 |  5.9
Fighting       | |  3.2

Action                   |  1- 3 |  4- 6 |  7- 9 || total
-------------------------+-------+-------+-------++-------
Melee: Falchion          |    74 |   256 |   164 ||   494
Invok: Berserk           |     1 |     4 |     4 ||     9
  Use: Potion            |       |     1 |       ||     1
 Stab: Sleeping          |     2 |       |       ||     2
  Eat: Chunk             |     2 |    14 |     3 ||    19
       Ration            |       |       |     2 ||     2
Armor: Animal skin       |    24 |    32 |       ||    56
       Ring mail         |       |    81 |    86 ||   167
Dodge: Dodged            |    55 |   170 |   112 ||   337
       Rpst.: Falchion   |    16 |    73 |    34 ||   123

Table legend:
 A = Non-vault XP
 B = Vault XP
 C = Vault XP percentage of total XP
 D = Non-vault monster count
 E = Vault monster count
 F = Vault count percentage of total count
                 A         B        C        D         E       F
            +---------+---------+-------+---------+---------+-------
      Total |     874 |     367 |  29.6 |      86 |      40 |  31.7
            +---------+---------+-------+---------+---------+-------
        D:1 |      35 |       0 |   0.0 |      18 |       0 |   0.0
        D:2 |     128 |      43 |  25.1 |      25 |       4 |  13.8
        D:3 |      61 |       0 |   0.0 |      16 |       0 |   0.0
        D:4 |      98 |     241 |  71.1 |       8 |       8 |  50.0
        D:5 |     552 |       0 |   0.0 |      19 |       0 |   0.0
      Sewer |       0 |      83 | 100.0 |       0 |      28 | 100.0
            +---------+---------+-------+---------+---------+-------
